 Dungeon Crawl Stone Soup version 0.24.1-14-gf8d2b509d9 (webtiles) character file.

Game seed: 1639226170822896116, levelgen mode: deterministic

15257 Yifrit the Severer (level 11, -3/136 HPs)
             Began as a Minotaur Berserker on Jan 10, 2024.
             Was a High Priest of Trog.
             Slain by a phantasmal warrior (27 damage)
             ... led by a death knight
             ... on level 12 of the Dungeon.
             The game lasted 00:45:26 (11362 turns).

Yifrit the Severer (Minotaur Berserker)            Turns: 11362, Time: 00:45:28

Health: -3/136     AC: 22    Str: 29    XL:     11   Next: 99%
Magic:  2/2        EV:  9    Int:  4    God:    Trog [*****.]
Gold:   655        SH:  0    Dex: 11    Spells: 10/10 levels left

rFire    . . .     SeeInvis .   J - +3 executioner's axe (antimagic)
rCold    . . .     Gourm    .   (shield currently unavailable)
rNeg     . . .     Faith    .   p - +0 plate armour
rPois    .         Spirit   .   (helmet restricted)
rElec    .         Reflect  .   r - +0 cloak
rCorr    .         Harm     .   L - +1 pair of gloves
MR       .....                  C - +0 pair of boots
Stlth    ..........             t - amulet of the acrobat
HPRegen  0.32/turn              (no ring)
MPRegen  0.08/turn              (no ring)

@: berserking, vulnerable, very quick
A: retaliatory headbutt, horns 2, slimy green scales 1, frail 1, low mp 1
a: Berserk, Trog's Hand, Brothers in Arms, Renounce Religion


You were on level 12 of the Dungeon.
You worshipped Trog.
Trog was extremely pleased with you.
You were very hungry.

You visited 1 branch of the dungeon, and saw 12 of its levels.

You collected 655 gold pieces.

Inventory:

Hand Weapons
 J - a +3 antimagic executioner's axe (weapon)
Armour
 p - a +0 plate armour (worn)
 r - a +0 cloak (worn)
 C - a +0 pair of boots (worn)
 L - a +1 pair of gloves (worn)
Jewellery
 t - an amulet of the acrobat (around neck)
 G - an uncursed ring of fire
 I - an uncursed ring of protection from magic
Wands
 x - a wand of iceblast (14)
 A - a wand of enslavement (8)
 B - a wand of disintegration (16)
 D - a wand of digging (9)
 K - a wand of random effects (15)
Scrolls
 b - 2 scrolls of fog {unknown}
 d - 5 scrolls of teleportation
 e - 2 scrolls of amnesia {unknown}
 k - 2 scrolls of immolation {unknown}
 l - 7 scrolls of identify
 n - 10 scrolls of remove curse {unknown}
 q - 8 scrolls of magic mapping {unknown}
 s - a scroll of noise {unknown}
 u - a scroll of enchant weapon {unknown}
 y - a scroll of summoning {unknown}
 E - 2 scrolls of random uselessness {unknown}
 F - a scroll of acquirement {unknown}
 H - a scroll of holy word {unknown}
 M - a scroll of vulnerability {unknown}
 N - a scroll of enchant armour {unknown}
Potions
 a - a potion of brilliance {unknown}
 f - a potion of magic
 g - 4 potions of curing
 h - a potion of ambrosia {unknown}
 i - 3 potions of flight
 j - 5 potions of lignification
 m - 2 potions of cancellation {unknown}
 o - 8 potions of heal wounds {unknown}
 v - a potion of haste {unknown}
 w - a potion of degeneration {unknown}
 z - a potion of experience {unknown}
Comestibles
 c - 11 rations


   Skills:
 + Level 11.1 Fighting
 + Level 16.5 Axes
 + Level 11.2 Armour
 + Level 3.8 Dodging
 + Level 1.0 Stealth


You had 10 spell levels left.
You didn't know any spells.
Your spell library was empty.

Dungeon Overview and Level Annotations

Branches:
Dungeon (12/15)            Temple (0/1) D:6            Lair (0/6) D:8
    Orc (0/2) D:10

Altars:
Ashenzari
Gozag
Hepliaklqana
Nemelex Xobeh
Qazlal
Ru
Xom

Shops:
D:9 *

Portals:
Sewer: D:3


Innate Abilities, Weirdness & Mutations

You reflexively headbutt those who attack you in melee.
You have a pair of horns on your head.
You are partially covered in slimy green scales. (AC +2)
You are frail. (-10% HP)
Your magical capacity is low. (-10% MP)


Message History

You closely miss the death knight.
You headbutt the death knight, but do no damage.
The death knight is heavily wounded.
Your plate armour prevents you from hitting the phantasmal warrior.
The phantasmal warrior hits you but does no damage. x2
You closely miss the death knight.
The death knight is heavily wounded.
You hit the phantasmal warrior.
The phantasmal warrior's magic leaks into the air.
The death knight hits you with a +3 battleaxe!
The phantasmal warrior hits you!
* * * LOW HITPOINT WARNING * * *
Your magical defenses are stripped away!
A red film seems to cover your vision as you go berserk!
You feel yourself moving faster!
You feel mighty!
You are feeling very hungry.
The death knight hits you with a +3 battleaxe!
* * * LOW HITPOINT WARNING * * *
The phantasmal warrior hits you!!
You die...

.......$....#
............#
............#
............#
............#
.......<....#
.......WWo..#
...#####p#..#
. +..>.@#..#
#...W.# .#
#.....# .#
####### o o.


You could see a death knight, a phantasmal warrior, a freezing wraith, a wraith
and an orc priest.

Vanquished Creatures
  Fannar (D:10)
  2 two-headed ogres
  An ugly thing (D:11)
  A manticore (D:11)
  A gargoyle (D:10)
  2 trolls
  2 hornets (D:11)
  4 hippogriffs
  2 wyverns
  Eustachio (D:6)
  A human (D:9)
  Grum (D:10)
  9 yaks (D:11)
  A hungry ghost (D:9)
  Menkaure (D:4)
  A water moccasin (D:7)
  Duvessa (D:6)
  2 phantoms
  4 ice beasts
  3 sky beasts
  A necrophage (D:11)
  A black bear (D:9)
  3 orc warriors
  5 ogres
  3 wolves (D:10)
  6 centaurs
  A crocodile (D:9)
  Blork the orc (D:6)
  4 big kobolds
  10 bullfrogs
  Dowan (D:6)
  3 scorpions
  A wyvern skeleton (D:8)
  12 killer bees
  12 wights
  6 crimson imps
  3 centaur zombies
  3 bullfrog zombies
  A quasit (D:8)
  4 hounds
  3 jellies
  Crazy Yiuf (D:4)
  2 orc priests (D:9)
  9 orc wizards
  4 centaur skeletons
  3 bullfrog skeletons
  Natasha (thrice) (D:4)
  An iguana (D:11)
  9 worker ants
  2 hound zombies (D:9)
  4 hound skeletons
  A worker ant zombie (D:11)
  Robin (D:4)
  6 gnolls
  12 adders
  2 shadow imps
  3 worms
  2 dart slugs (D:4)
  9 leopard geckos
  30 orcs
  2 ball pythons
  10 giant cockroaches
  10 goblins
  7 hobgoblins
  9 jackals
  29 kobolds
  6 quokkas
  3 bats
  6 frilled lizards
  A jackal skeleton (D:5)
  A quokka skeleton (D:5)
  2 quokka zombies (D:8)
  9 rats
324 creatures vanquished.

Vanquished Creatures (collateral kills)
  Erolcha (D:11)
  An ugly thing (D:11)
2 creatures vanquished.

Vanquished Creatures (others)
  An orc wizard (D:6)
1 creature vanquished.

Grand Total: 327 creatures vanquished

Notes
Turn   | Place    | Note
-------+----------+-------------------------------------------
     0 | D:1      | Yifrit the Minotaur Berserker began the quest for the Orb.
     0 | D:1      | Reached XP level 1. HP: 19/19 MP: 0/0
    83 | D:1      | Gained mutation: Your magical capacity is low. (-10% MP)
                  | [potion of mutation]
    83 | D:1      | Gained mutation: You are frail. (-10% HP) [potion of
                  | mutation]
    83 | D:1      | Gained mutation: You are partially covered in slimy green
                  | scales. (AC +2) [potion of mutation]
   498 | D:1      | Reached XP level 2. HP: 20/24 MP: 0/0
   648 | D:1      | Reached skill level 4 in Axes
   925 | D:2      | Reached XP level 3. HP: 26/29 MP: 1/1
   953 | D:2      | Reached ** piety under Trog
  1188 | D:2      | Reached XP level 4. HP: 33/36 MP: 2/2
  1971 | D:3      | Found a glowing drain.
  2081 | D:3      | Reached skill level 5 in Fighting
  2081 | D:3      | Reached skill level 5 in Axes
  2081 | D:3      | Reached XP level 5. HP: 38/43 MP: 3/3
  2199 | D:3      | Reached *** piety under Trog
  2646 | D:4      | Reached XP level 6. HP: 46/50 MP: 4/4
  2681 | D:4      | Found a runed translucent door.
  2682 | D:4      | Noticed Crazy Yiuf
  2688 | D:4      | Killed Crazy Yiuf
  2786 | D:4      | Reached skill level 6 in Axes
  2809 | D:4      | Noticed Menkaure
  2816 | D:4      | Killed Menkaure
  2820 | D:4      | Noticed Robin
  2831 | D:4      | Killed Robin
  2848 | D:4      | Noticed Natasha
  2855 | D:4      | Killed Natasha
  2855 | D:4      | Reached skill level 5 in Armour
  2874 | D:4      | Noticed Natasha
  2879 | D:4      | Killed Natasha
  2879 | D:4      | Reached XP level 7. HP: 31/54 MP: 5/5
  2900 | D:4      | Reached skill level 7 in Axes
  3444 | D:4      | Reached **** piety under Trog
  3450 | D:4      | Noticed Natasha
  3460 | D:4      | Killed Natasha
  3512 | D:4      | Found a sparkling altar of Nemelex Xobeh.
  3513 | D:4      | Found a shimmering altar of Xom.
  3705 | D:5      | Entered Level 5 of the Dungeon
  3752 | D:5      | Reached skill level 8 in Axes
  3900 | D:5      | Found an opulent altar of Gozag.
  4069 | D:5      | Found a stormy altar of Qazlal.
  4070 | D:5      | Noticed a water elemental
  4071 | D:5      | Noticed an air elemental
  4071 | D:5      | Noticed a fire elemental
  4218 | D:5      | Found a sacrificial altar of Ru.
  4530 | D:6      | Reached XP level 8. HP: 54/63 MP: 6/6
  4545 | D:6      | Noticed Blork the orc
  4556 | D:6      | Killed Blork the orc
  4632 | D:6      | Reached skill level 9 in Axes
  4878 | D:6      | Noticed Dowan
  4880 | D:6      | Noticed Duvessa
  4884 | D:6      | Killed Duvessa
  4892 | D:6      | Killed Dowan
  4993 | D:6      | Noticed Eustachio
  5019 | D:6      | Killed Eustachio
  5055 | D:6      | Reached skill level 10 in Axes
  5303 | D:6      | Found a staircase to the Ecumenical Temple.
  5525 | D:7      | Reached XP level 9. HP: 64/71 MP: 7/7
  5726 | D:7      | Reached ***** piety under Trog
  5726 | D:7      | Reached skill level 11 in Axes
  5850 | D:7      | Found a shattered altar of Ashenzari.
  6536 | D:8      | Reached skill level 12 in Axes
  6550 | D:8      | Noticed a two-headed ogre
  6557 | D:8      | Killed a two-headed ogre
  6557 | D:8      | Reached XP level 10. HP: 35/81 MP: 8/8
  6831 | D:8      | Found an opulent altar of Gozag.
  6831 | D:8      | Found a staircase to the Lair.
  7186 | D:8      | Reached skill level 13 in Axes
  7533 | D:9      | Found a hazy altar of Hepliaklqana.
  7879 | D:9      | Received a gift from Trog
  7942 | D:9      | Found Pedoweri's General Store.
  7962 | D:9      | Reached skill level 14 in Axes
  8003 | D:9      | Reached skill level 10 in Armour
  8185 | D:9      | Found a shimmering altar of Xom.
  8327 | D:10     | Entered Level 10 of the Dungeon
  8336 | D:10     | Noticed Grum
  8350 | D:10     | Reached skill level 10 in Fighting
  8361 | D:10     | Killed Grum
  8443 | D:10     | Reached XP level 11. HP: 36/89 MP: 2/8
  8779 | D:10     | Found a staircase to the Orcish Mines.
  8794 | D:10     | Noticed Fannar
  8816 | D:10     | Killed Fannar
  9403 | D:10     | Reached skill level 15 in Axes
  9422 | D:10     | Noticed a two-headed ogre
  9432 | D:10     | Killed a two-headed ogre
 10318 | D:11     | Reached ****** piety under Trog
 10318 | D:11     | Received a gift from Trog
 10648 | D:11     | Reached skill level 16 in Axes
 10661 | D:11     | Reached skill level 1 in Stealth
 10879 | D:11     | Noticed a red ugly thing
 10887 | D:11     | Killed a red ugly thing
 10931 | D:11     | Noticed Erolcha
 10934 | D:11     | Noticed a white ugly thing
 10937 | D:11     | Paralysed by a hornet for 1 turns
 10941 | D:11     | Killed a white ugly thing
 10942 | D:11     | Killed Erolcha
 11350 | D:12     | Noticed a death knight
 11350 | D:12     | Noticed a phantasmal warrior
 11362 | D:12     | Slain by a phantasmal warrior

Levels and vault maps discovered:
D:1:      minmay_arrival_radiant_lines, layout_basic, st_stairs_1,
          bh_walls_and_bars
D:2:      layout_basic
D:3:      layout_rooms, first_ration, gup_sewer_entry_glass
D:4:      layout_loops_ring, nicolae_overflow_hidden_temple, uniq_menkaure,
          uniq_robin, uniq_natasha, uniq_crazy_yiuf_cottage
D:5:      layout_basic, lemuel_doored_altar, nicolae_qazlal_style_of_elements,
          nicolae_ru_awakened_eye
D:6:      layout_loops_corners, minmay_temple_entry_enclosed_plants,
          uniq_eustachio, uniq_blork_the_orc, uniq_duvessa
D:7:      layout_loops_ring, minmay_ruined_shrine
D:8:      layout_loops_ring, dpeg_oklobed_lair, basic_altar
D:9:      layout_rooms, kennysheep_mini, serial_shops, shop, grunt_pizzeria,
          lemuel_centaur_altar
D:10:     layout_rooms, orc_0_dummy, uniq_fannar, uniq_grum
D:11:     layout_grid_maze, uniq_erolcha
D:12:     lemuel_upstairs_altar, layout_irregular_city, jmf_multi_god_temple

Skill      XL: |  1  2  3  4  5  6  7  8  9 10 11 |
---------------+----------------------------------+-----
Fighting       | 4 5 6 7 8 10 11 | 11.1
Axes           | 4 5 6 8 10 12 14 16 | 16.5
Armour         | 3 4 5 7 8 10 11 | 11.2
Dodging        | 3 |  3.8
Stealth        | 1 |  1.0

Action                   |  1- 3 |  4- 6 |  7- 9 | 10-12 || total
-------------------------+-------+-------+-------+-------++-------
Melee: Hand axe          |    65 |   155 |   131 |       ||   351
       Headbutt          |     8 |    31 |    69 |    71 ||   179
       War axe           |       |       |   222 |   179 ||   401
       Executioner's axe |       |       |       |   214 ||   214
Invok: Berserk           |     1 |     2 |     3 |     5 ||    11
       Trog's Hand       |       |       |       |     1 ||     1
       Brothers in Arms  |       |       |       |     1 ||     1
  Use: Potion            |     5 |       |       |       ||     5
       Scroll            |     1 |       |       |     4 ||     5
  Eat: Chunk             |     2 |     1 |     5 |    15 ||    23
       Ration            |       |     2 |     2 |     3 ||     7
Armor: Scale mail        |    33 |    21 |       |       ||    54
       Animal skin       |     2 |       |       |       ||     2
       Plate armour      |       |    70 |   188 |   308 ||   566
Dodge: Dodged            |    49 |    55 |   135 |   304 ||   543
